 Dungeon Crawl Stone Soup version 0.28.0-47-ge53b351184 (webtiles) character file.

Game seed: 11994295212846474492

59 nickcage the Conjurer (level 3, -4/19 HPs)
             Began as a Deep Elf Conjurer on May 10, 2022.
             Slain by Natasha (11 damage)
             ... on level 2 of the Dungeon.
             The game lasted 00:02:27 (1300 turns).

nickcage the Conjurer (Deep Elf Conjurer)           Turns: 1300, Time: 00:02:28

Health: -4/19      AC:  2    Str:  4    XL:     3   Next: 78%
Magic:  0/9        EV: 12    Int: 24    God:
Gold:   31         SH:  0    Dex: 13    Spells: 5/8 levels left

rFire   . . .      SeeInvis .   e - +0 dagger
rCold   . . .      Faith    .   (no shield)
rNeg    . . .      Spirit   .   a - +0 robe
rPois   .          Reflect  .   (no helmet)
rElec   .          Harm     .   (no cloak)
rCorr   .          Rampage  .   (no gloves)
Will    .....                   (no boots)
Stlth   ++........              (no amulet)
HPRegen 0.06/turn               (no ring)
MPRegen 0.11/turn               (no ring)

@: slowed, very slow
A: no striking features
a: no special abilities


You were on level 2 of the Dungeon.
You visited 1 branch of the dungeon, and saw 2 of its levels.

You collected 31 gold pieces.

Inventory:

Hand Weapons
 e - a +0 dagger (weapon)
Missiles
 c - a throwing net
Armour
 a - a +0 robe (worn)
Jewellery
 g - a ring of wizardry
Wands
 h - a wand of paralysis (11)
Scrolls
 i - a scroll of enchant armour {unknown}
 j - a scroll of teleportation {unknown}
 k - a scroll of identify {unknown}
Potions
 b - a potion of curing
 d - a potion of flight {unknown}
 f - 2 potions of magic {unknown}


   Skills:
 - Level 2.4 Dodging
 - Level 2.4 Stealth
 + Level 3.4 Spellcasting
 * Level 5.8 Conjurations


You had 5 spell levels left.
You knew the following spells:

 Your Spells              Type           Power      Damage    Failure   Level
a - Magic Dart            Conj           100%       1d8       1%          1
b - Searing Ray           Conj           64%        2d6       1%          2

Your spell library contained the following spells:

 Spells                   Type           Power      Damage    Failure   Level
 Foxfire                  Conj/Fire      72%        2x1d7     3%          1
 Conjure Flame            Conj/Fire      18%        6-21      10%         3
 Dazzling Flash           Conj/Hex       36%        N/A       10%         3
 Inner Flame              Hex/Fire       4%         N/A       30%         3
 Flame Wave               Conj/Fire      18%        2d6       30%         4
 Fulminant Prism          Conj/Hex       9%         3d7       30%         4
 Iskenderun's Mystic Bla  Conj/Tloc      18%        2d6       30%         4


Dungeon Overview and Level Annotations

Branches:
Dungeon (2/15)

Altars:

Annotations:
D:2 Natasha


Message History

Natasha is almost dead.
Natasha claws you!
You are too injured to fight recklessly!
Aiming: Magic Dart (safe; 1% risk of failure)
Press: ? - help, Q - select action, (/) - cycle Shift-Dir - straight line, f/p - Natasha
Aim: Natasha (almost dead, 100% to hit)
The magic dart hits Natasha.
Natasha is almost dead.
Natasha wildly gestures.
You feel disoriented. Natasha misses you. x2
You hit Natasha.
You kill Natasha!
Natasha screams in fury as she dies!
Natasha, Servant of Life and Death comes into view.
Natasha casts a spell at you.
You feel as though you will be slow longer.
Natasha stares at you and mumbles some strange words.
The magic dart hits you!
* * * LOW HITPOINT WARNING * * *
Natasha is nearby!
Natasha is nearby!
Natasha casts a spell at you.
You feel as though you will be slow longer.
You are too injured to fight recklessly!
Aiming: Magic Dart (safe; 1% risk of failure)
Press: ? - help, Q - select action, (/) - cycle Shift-Dir - straight line, f - Natasha
Aim: Natasha (100% to hit)
The magic dart hits Natasha.
Natasha is lightly wounded.
Natasha drinks a potion.
Natasha seems to grow stronger.
It was a potion of curing.
You feel better. Natasha claws you.
Aiming: Magic Dart (safe; 1% risk of failure)
Press: ? - help, Q - select action, (/) - cycle Shift-Dir - straight line, f/p - Natasha
Aim: Natasha (lightly wounded, strong, 100% to hit)
The magic dart hits Natasha.
Natasha is moderately wounded.
Natasha claws you!
Ouch! That really hurt!
You die...

...^. ... ... .). #.#
..#####.#######
........†...... #.# #@#
##### #h# #...# #.# #...#
####.####...#########
#......##...........#
#..÷...##...#######.#
#......##............
#####......##...........#
#..........##...#########


You could see Natasha (strong).

Vanquished Creatures
  Natasha (D:2)
  A worm (D:2)
  A dart slug (D:2)
  4 endoplasms
  2 giant cockroaches (D:1)
  5 goblins
  3 hobgoblins
  3 ball pythons
  A bat (D:1)
  2 frilled lizards
  5 kobolds
  2 rats
30 creatures vanquished.

Vanquished Creatures (others)
  A fungus (D:2)
1 creature vanquished.

Grand Total: 31 creatures vanquished

Notes
Turn   | Place    | Note
-------+----------+-------------------------------------------
     0 | D:1      | nickcage the Deep Elf Conjurer began the quest for the Orb.
     0 | D:1      | Reached XP level 1. HP: 10/10 MP: 6/6
   328 | D:1      | Reached XP level 2. HP: 15/15 MP: 4/8
   335 | D:1      | Learned a level 2 spell: Searing Ray
   440 | D:1      | Reached skill level 5 in Conjurations
  1040 | D:2      | Reached XP level 3. HP: 19/19 MP: 6/9
  1279 | D:2      | Noticed Natasha
  1290 | D:2      | Killed Natasha
  1293 | D:2      | Noticed Natasha
  1300 | D:2      | Slain by Natasha

Illustrated notes

Levels and vault maps discovered:
D:1:      psy_arrival_terrarium, layout_basic, hangedman_abyss_or_decor_stabs
D:2:      layout_basic, shapermc_ecumenical_altar_mp_ritualfount, serial_shops,
          shop, uniq_natasha

Skill      XL: |  1  2 |
---------------+-------+-----
Conjurations   | 5 |  5.8
Dodging        | |  2.4
Stealth        | |  2.4
Spellcasting   | |  3.4

Action                   || total
-------------------------++-------
Melee: Dagger            ||     1
 Cast: Magic Dart        ||    58
  Use: Potion            ||     1
Dodge: Dodged            ||     3
